 Dungeon Crawl Stone Soup version 0.29.1-15-g9cfb28693d (webtiles) character file.

Game seed: 15187490435163756179

34 leafyfresh the Sneak (level 3, -1/26 HPs)
             Began as an Octopode Delver on Feb 24, 2023.
             Slain by an orc
             ... wielding a +0 dagger
              (2 damage)
             ... on level 5 of the Dungeon.
             The game lasted 00:00:24 (158 turns).

leafyfresh the Sneak (Octopode Delver)               Turns: 158, Time: 00:00:25

Health: -1/26      AC:  1    Str: 11    XL:     3   Next: 31%
Magic:  3/3        EV: 13    Int: 14    God:
Gold:   33         SH:  0    Dex: 13    Spells: 2/2 levels left

rFire   . . .      SeeInvis .   a - +0 short sword
rCold   . . .      Faith    .   (no shield)
rNeg    + . .      Spirit   .   (helmet restricted)
rPois   .          Reflect  .   (no amulet)
rElec   .          Harm     .   g - ring of positive energy
rCorr   .          Rampage  .   (no ring)
Will    .....                   (no ring)
Stlth   ++++......              (no ring)
HPRegen 0.08/turn               (no ring)
MPRegen 0.08/turn               (no ring)
                                (no ring)
                                (no ring)

@: no status effects
A: almost no armour, amphibious, 8 rings, camouflage 1, gelatinous body 1,
(nimble swimmer 1), tentacles
a: no special abilities


You were on level 5 of the Dungeon.
You visited 1 branch of the dungeon, and saw 1 of its levels.

You collected 33 gold pieces.

Inventory:

Hand Weapons
 a - a +0 short sword (weapon)
Jewellery
 g - a ring of positive energy (left tentacle)
Wands
 f - a wand of digging (3)
Scrolls
 c - a scroll of magic mapping
 d - a scroll of fear
Potions
 e - a potion of haste


   Skills:
 + Level 3.3 Fighting
 + Level 2.4 Short Blades
 + Level 2.4 Dodging
 + Level 7.0 Stealth


You had 2 spell levels left.
You didn't know any spells.
Your spell library was empty.

Dungeon Overview and Level Annotations

Branches:
Dungeon (5/15)
 Temple: D:4-7

Altars:


Innate Abilities, Weirdness & Mutations

You cannot wear most types of armour.
You are amphibious.
You can wear up to eight rings at the same time.
Your skin changes colour to match your surroundings (Stealth+).
Your rubbery body absorbs attacks. (AC +1, EV +1)
((You are camouflaged when in or above water. (Stealth+)))
You have tentacles for arms and can constrict up to eight enemies at once.


Message History

The white imp is moderately wounded.
An orc comes into view. It is wielding a +0 dagger.
The white imp gestures at you. The puff of frost hits you.
You are too injured to fight recklessly!
You are too injured to fight recklessly!
You are too injured to fight recklessly!
You are too injured to fight recklessly!
Unknown command.
The orc shouts!
You hit the white imp. You grab the white imp.
The white imp is severely wounded.
You constrict the white imp, but do no damage.
The white imp hits you. The white imp freezes you.
You barely miss the white imp.
The white imp is severely wounded.
You constrict the white imp.
An orc priest comes into view. It is wielding a +0 trident.
An orc wizard comes into view. It is wielding a +0 dagger.
The white imp gestures at you. The puff of frost misses you.
You completely miss the white imp.
The orc wizard shouts!
The orc priest shouts!
You squeeze the white imp.
You kill the white imp!
The orc wizard gestures at you while chanting.
The puff of flame hits you!
* * * LOW HITPOINT WARNING * * *
Your Stealth skill increases to level 7!
An orc comes into view. It is wielding a +0 hand axe.
Unknown command.
As you read the scroll of fog, it crumbles to dust.
The scroll dissolves into smoke.
Unknown command.
The orc attacks as you move away! The orc completely misses you.
The orc wizard gestures wildly while chanting.
The orc wizard flickers and vanishes!
Deactivating autopickup; reactivate with Ctrl-A.
The orc attacks as you move away! The orc hits you with a +0 dagger.
You die...

#.. #.# #.# #.# #.# #.#
########
#######.####......#########
................@o..§§....l
############).....#{o§.###
#......#§§..# #
########§o..# # #§§§§# #
#§§§§# §.§..# o..o..#
.......#


You could see 2 orcs.

Vanquished Creatures
  An iguana (D:5)
  A white imp (D:5)
  An orc (D:5)
3 creatures vanquished.

Notes
Turn   | Place    | Note
-------+----------+-------------------------------------------
     0 | D:5      | leafyfresh the Octopode Delver began the quest for the Orb.
     0 | D:5      | Reached XP level 1. HP: 16/16 MP: 1/1
    55 | D:5      | Noticed an iguana
    62 | D:5      | Killed an iguana
    63 | D:5      | Reached XP level 2. HP: 21/21 MP: 2/2
    63 | D:5      | Reached XP level 3. HP: 26/26 MP: 3/3
   149 | D:5      | HP: 1/26 [orc wizard/puff of flame (8)]
   150 | D:5      | Reached skill level 7 in Stealth
   158 | D:5      | Slain by an orc

Illustrated notes

Levels and vault maps discovered:
D:5:      layout_basic

Skill      XL: |  1  2  3 |
---------------+----------+-----
Stealth        | 7 |  7.0
Fighting       | |  3.3
Short Blades   | |  2.4
Dodging        | |  2.4

Action                   || total
-------------------------++-------
Melee: Short sword       ||     8
       Constrict         ||     3
       Tentacles         ||     2
  Use: Scroll            ||     1
 Stab: Sleeping          ||     1
Dodge: Dodged            ||     2
